 Dungeon Crawl Stone Soup version 0.17-a0-2007-g96ac4c4 (webtiles) character file.

403 Mordenkainen the Sneak (level 6, -26/57 HPs)
             Began as a Naga Hunter on Oct 9, 2015.
             Killed from afar by an orc (34 damage)
             ... with an exploding inner flame
             ... hexed by the player character
             ... on level 3 of the Dungeon.
             The game lasted 00:07:16 (2655 turns).

Mordenkainen the Sneak (Naga Hunter)                Turns: 2655, Time: 00:07:17

Health: -26/57     AC:  1    Str: 16    XL:     6   Next: 86%
Magic:  6/6        EV: 10    Int: 11    God:
Gold:   179        SH:  0    Dex: 12    Spells: 0 memorised, 5 levels left

rFire  . . .     SeeInvis +     p - -1 whip (curse)
rCold  . . .     Clarity  .     d - +0 leather armour
rNeg   . . .     SustAt   .     (no shield)
rPois  +         Gourm    .     (no helmet)
rElec  .         Spirit   .     (no cloak)
rCorr  .         Warding  .     (no gloves)
rMut   .         Stasis   .     (no barding)
MR     .....                    (no amulet)
Stlth  +++.......               i - ring of wizardry
                                g - -2 ring of protection (curse)

@: very slow, not resistant to hostile enchantments, fairly stealthy
A: see invisible, deformed body, poison resistance, slowness 2, slow metabolism
1, spit poison 2, AC +2
a: Spit Poison


You were on level 3 of the Dungeon.
You were not hungry.

You visited 1 branch of the dungeon, and saw 3 of its levels.

You collected 179 gold pieces.

Inventory:

Hand Weapons
 a - a +2 hand crossbow
 c - a +0 short sword
 p - a cursed -1 whip (weapon)
 q - a +3 dagger of draining
Missiles
 b - 8 bolts
Armour
 d - a +0 leather armour (worn)
Jewellery
 g - a cursed -2 ring of protection (left hand)
 i - a ring of wizardry (right hand)
Scrolls
 f - 3 scrolls of identify
 l - a scroll of immolation
Comestibles
 e - 4 bread rations
 h - a beef jerky
 j - 2 fruits
 n - a slice of pizza


   Skills:
 * Level 4.0 Fighting
 * Level 4.7 Crossbows
 * Level 3.1 Dodging
 * Level 5.3 Stealth


You had 5 spell levels left.
You didn't know any spells.

Dungeon Overview and Level Annotations

Branches:
Dungeon (3/15)

Altars:
Ashenzari
Makhleb
Qazlal
Zin


Innate Abilities, Weirdness & Mutations

You cannot wear boots.
Your serpentine skin is tough (AC +2).
You have supernaturally acute eyesight.
Armour fits poorly on your strangely shaped body.
Your system is resistant to poisons.
You cover ground very slowly.
You have a slow metabolism.
You can spit poison.


Message History

The orc is lightly wounded.
The bat closely misses you.
The orc wizard hits the plant but does no damage.
The orc completely misses you.
You hit the orc but do no damage.
The orc is lightly wounded.
The bat closely misses you. The bat hits you but does no damage.
The orc wizard hits the plant but does no damage.
The orc closely misses you.
You hit the orc.
The orc explodes!
The fiery explosion engulfs the plant.
The plant is lightly damaged.
The fiery explosion engulfs the plant.
The plant is severely damaged.
The fiery explosion engulfs the plant.
The plant is severely damaged.
The fiery explosion engulfs you!
Ouch! That really hurt!
You die...

.♣.....†♣♣♣♣P♣.♣...## ####.#
♣...)....♣.♣.PP.....## ##.##.#
♣.♣..♣......♣.P......####...#.###
...P♣P...P...♣.......'...........
.♣.♣♣P.....P.P.......####...#.###
.♣♣.P♣♣.P.....PP....## ##..#.# #
♣...♣♣S......P.b...## ##.#.# #
§♣♣♣♣..♣......P)..## #...# #
♣≈♣♣..PP.###..PP@## #..####
♣♣P.♣P♣..# #.PoP)# #....).
.P♣♣§♣P..#+#...P.# ##.####
♣.PP..........P(.###### #.#
.PP.........P.........# #.#
♣P....8.......P....##.# #(#
...)..........#...###.######.#
P.P♣..8....♣........<........#
..♣♣P.P..♣..♣÷....###.########


You could see an orc wizard (inner flame) and a bat (inner flame).

Vanquished Creatures
  Sigmund (D:2)
  A big kobold (D:3)
  A scorpion (D:3)
  2 gnolls
  2 adders (D:3)
  A river rat (D:3)
  An ooze (D:3)
  3 worms (D:2)
  An orc (D:3)
  7 bats
  10 goblins
  8 hobgoblins
  A ball python (D:1)
  4 giant geckos
  7 giant newts
  13 kobolds
  9 rats
72 creatures vanquished.

Vanquished Creatures (others)
  A plant (D:3)
1 creature vanquished.

Grand Total: 73 creatures vanquished

Notes
Turn   | Place    | Note
--------------------------------------------------------------
     0 | D:1      | Mordenkainen the Naga Hunter began the quest for the Orb.
     0 | D:1      | Reached XP level 1. HP: 19/19 MP: 1/1
    64 | D:1      | Reached XP level 2. HP: 26/26 MP: 2/2
   144 | D:1      | Reached XP level 3. HP: 30/33 MP: 3/3
   668 | D:2      | Reached skill level 4 in Crossbows
   751 | D:2      | Found a burning altar of Makhleb.
   751 | D:2      | Noticed Sigmund
   775 | D:2      | Killed Sigmund
   775 | D:2      | Reached XP level 4. HP: 8/42 MP: 4/4
   775 | D:2      | Reached XP level 5. HP: 9/49 MP: 5/5
   784 | D:2      | HP: 2/49 [goblin/club (2)]
   794 | D:2      | Found a glowing silver altar of Zin.
   796 | D:2      | Noticed a blizzard demon
   798 | D:2      | Noticed an angel
   952 | D:2      | Reached XP level 6. HP: 52/56 MP: 6/6
  1340 | D:3      | Found a stormy altar of Qazlal.
  1359 | D:3      | Found a shattered altar of Ashenzari.
  1513 | D:3      | Reached skill level 5 in Stealth
  2655 | D:3      | Killed from afar by an orc

Vault maps used:
D:1:      minmay_arrival_four_houses
D:2:      minmay_kobold_bridge, grunt_temple_overflow_order_and_chaos_2,
          uniq_sigmund
D:3:      wad_woods_settlement, grunt_temple_overflow_open

Action                   |  1- 3 |  4- 6 || total
-------------------------+-------+-------++-------
Melee: Short sword       |    10 |    25 ||    35
       Whip              |       |   203 ||   203
 Fire: Hand crossbow     |    94 |    31 ||   125
  Use: Potion            |     1 |     4 ||     5
       Scroll            |       |     7 ||     7
 Stab: Sleeping          |       |     2 ||     2
  Eat: Chunk             |       |     4 ||     4
